Map: Pride of Altaris LE

Players

LilyBlack

  • Race: Terran Terran
  • League: Diamond
  • Spawn Location: 11:00

frog - Winner!

  • Race: Zerg Zerg
  • League: Platinum
  • Spawn Location: 5:00

VOD

Have the link to the VOD?

Description

Time

  • Played on: June 4, 2022, 4:21 a.m.
  • Length: 18:10
Show
View Real Time Build Order
Export as new Build Order

LilyBlack Terran 

Build Orders: Mech 

Get SALT Encoding   

  12  0:02  SCV  
  13  0:14  SCV  
  13  0:20  Supply Depot  
  14  0:26  SCV  
  15  0:42  SCV  
  16  0:50  Barracks  
  16  0:54  SCV  
  17  0:57  Barracks  
  17  1:06  SCV  
  18  1:18  SCV  
  19  1:31  Supply Depot  
  19  1:36  Marine  
  19  1:38  Barracks  
  20  1:44  Marine  
  20  1:45  Barracks  
  21  1:51  Orbital Command  
  21  1:54  Marine  
  22  2:01  Marine  
  22  2:02  Supply Depot  
  23  2:13  Marine  
  24  2:21  Marine  
  25  2:29  Supply Depot  
  25  2:31  Marine  
  26  2:39  Marine  
  26  2:42  Marine  
  26  2:43  Marine  
  29  2:49  Marine  
  27  2:57  Marine  
  25  3:00  Marine x2  
  27  3:07  Marine  
  27  3:14  Marine  
  27  3:16  Command Center  
  27  3:18  Marine x2  
  30  3:23  Refinery  
  30  3:24  Marine  
  30  3:26  Refinery  
  31  3:32  Marine  
  32  3:35  Bunker  
  32  3:36  Marine x2  
  33  3:43  Marine  
  33  3:46  SCV  
  35  3:50  Marine  
  35  3:54  Marine  
  37  3:56  Marine  
  37  3:58  SCV  
  39  4:17  Marine x4  
  39  4:18  SCV  
  44  4:28  SCV  
  44  4:30  SCV  
  46  4:40  SCV  
  46  4:44  Factory  
  47  4:52  SCV  
  48  4:53  SCV  
  49  5:04  SCV, Barracks Tech Lab x2  
  49  5:05  SCV, Marine x2  
  53  5:16  SCV  
  53  5:17  SCV  
  44  5:23  Marine x2  
  44  5:26  Marine x2  
  41  5:41  Marine x2  
  41  5:44  Marine  
  40  5:59  Marine x3  
  40  6:00  Siege Tank  
  45  6:07  Bunker  
  45  6:08  SCV x2  
  44  6:20  SCV x2  
  46  6:27  Command Center  
  46  6:29  Marine x3  
  46  6:30  Marine  
  46  6:32  SCV x2  
  52  6:44  SCV x2  
  40  7:09  Armory  
  40  7:12  SCV x2  
  39  7:24  SCV x2  
  39  7:27  Factory  
  39  7:29  Factory  
  41  7:30  Starport  
  41  7:31  Starport  
  41  7:32  Supply Depot  
  41  7:33  Supply Depot  
  39  7:58  Supply Depot  
  29  8:14  Barracks  
  29  8:15  Barracks x2  
  25  8:20  Hellion  
  25  8:21  Hellion  
  25  8:22  Liberator x2  
  31  8:40  Hellion  
  33  8:47  SCV  
  34  8:58  Marine x3  
  34  8:59  SCV, Marine  
  39  9:10  Command Center  
  39  9:11  SCV  
  39  9:16  Starport Tech Lab x2, Marine x4  
  44  9:23  Factory Tech Lab x2, SCV  
  44  9:26  Hellion  
  34  9:34  Engineering Bay  
  34  9:35  SCV  
  28  9:47  SCV, Hellion  
  31  10:05  Viking  
  31  10:06  Viking  
  29  10:10  Refinery  
  29  10:15  Marine  
  29  10:16  Marine x2  
  33  10:21  Refinery x2  
  32  10:29  Factory Tech Lab  
  32  10:31  Hellion x2  
  32  10:33  Marine x2  
  32  10:34  Marine  
  39  10:51  Orbital Command  
  39  10:57  Marine x3  
  44  11:09  Barracks Tech Lab  
  44  11:10  Barracks Tech Lab  
  42  11:14  SCV  
  42  11:18  SCV  
  44  11:26  SCV  
  44  11:30  SCV  
  46  11:38  SCV  
  47  11:42  SCV  
  48  11:50  SCV  
  49  11:54  SCV  
  49  11:58  Banshee  
  49  12:00  Cloaking Field  
  53  12:02  SCV  
  53  12:07  Supply Depot  
  54  12:11  Hellion x7  
  54  12:29  Banshee  
  57  12:40  Stimpack  
  57  12:41  Combat Shield  
  57  12:54  SCV  
  58  13:00  SCV  
  49  13:32  Viking x2  
  49  13:38  SCV x2  
  51  13:48  Supply Depot  
  51  13:50  SCV x2  
  53  14:21  Viking  
  53  14:22  Viking  
  52  14:24  SCV x2  
  53  14:36  SCV x2  
  55  14:48  SCV x2  
  55  14:50  Command Center  
  57  14:55  Medivac x2  
  60  15:04  Marine x4  
  60  15:05  Marine x3  
  67  15:09  SCV x2  
  67  15:13  Terran Infantry Weapons Level 1  
  69  15:21  SCV  
  70  15:44  Command Center  
  70  15:47  Supply Depot  
  70  15:48  Supply Depot  
  70  16:09  SCV x2  
  72  16:12  Supply Depot  
  72  16:14  Supply Depot  
  76  16:21  SCV x2  
  74  16:33  SCV x2  
  74  16:36  Thor  
  74  16:37  Siege Tank x2  
  74  17:10  Raven  
  74  17:12  Siege Tank x2  
  82  17:17  Planetary Fortress  
  82  17:32  Command Center  
  82  17:40  SCV x2  
  84  17:47  Refinery  
  84  17:48  Refinery  
  87  17:52  SCV  
  87  17:53  SCV  
Show
View Real Time Build Order
Export as new Build Order

frog Zerg - Winner!

Build Orders: Hatch First 

Get SALT Encoding   

  12  0:00  Drone  
  13  0:13  Overlord  
  13  0:19  Drone  
  14  0:33  Drone  
  14  0:34  Drone  
  16  0:39  Drone  
  17  0:53  Hatchery  
  17  0:56  Drone  
  17  0:59  Drone  
  18  1:13  Spawning Pool  
  18  1:15  Extractor  
  18  1:17  Drone  
  17  1:22  Drone  
  18  1:30  Drone  
  19  1:48  Overlord  
  19  2:00  Queen  
  21  2:02  Zergling x2  
  21  2:05  Queen  
  21  2:06  Zergling x4  
  26  2:22  Spine Crawler  
  26  2:23  Spine Crawler, Zergling x2  
  26  2:24  Zergling x2  
  26  2:25  Spine Crawler  
  25  2:33  Zergling x4  
  26  2:44  Spine Crawler  
  24  2:58  Queen  
  25  2:59  Zergling x4  
  25  3:00  Zergling x2  
  27  3:14  Overlord x2  
  27  3:32  Queen  
  29  3:39  Metabolic Boost  
  29  3:50  Baneling Nest, Drone  
  29  3:51  Drone x2  
  31  3:57  Zergling x6  
  34  4:13  Zergling x2  
  34  4:14  Zergling x10  
  40  4:23  Drone  
  41  4:38  Overlord x2  
  41  4:51  Lair  
  39  4:59  Zergling x4  
  42  5:00  Zergling x6  
  42  5:18  Zergling x2  
  42  5:19  Zergling x10  
  35  5:29  Zergling x2  
  35  5:30  Zergling x6  
  37  5:45  Zergling x2  
  37  5:46  Zergling x6  
  37  6:05  Zergling x2  
  37  6:06  Zergling x4  
  34  6:17  Zergling x2  
  34  6:18  Zergling x2  
  36  6:24  Zergling x6  
  36  6:25  Zergling x8  
  43  6:36  Baneling x4  
  43  6:37  Baneling x6  
  38  7:00  Drone x6  
  38  7:01  Drone  
  40  7:20  Spire, Extractor  
  40  7:22  Drone x2  
  40  7:23  Drone  
  40  7:29  Drone x2, Extractor  
  42  7:46  Drone  
  42  7:47  Drone x6  
  47  8:08  Zergling x12  
  53  8:30  Hatchery  
  53  8:32  Mutalisk x3  
  53  8:33  Mutalisk  
  60  8:35  Overlord  
  60  8:49  Overlord x2  
  59  9:01  Extractor  
  59  9:02  Drone x3  
  61  9:03  Drone x3  
  64  9:18  Mutalisk  
  64  9:19  Mutalisk x2  
  70  9:29  Zergling x2  
  70  9:30  Zergling x10  
  76  9:38  Mutalisk  
  76  9:39  Mutalisk  
  76  9:44  Queen  
  82  9:47  Drone x2  
  82  9:48  Drone  
  83  9:59  Drone x3  
  82  10:01  Mutalisk  
  84  10:08  Spore Crawler  
  84  10:11  Extractor  
  84  10:13  Extractor  
  81  10:15  Spore Crawler  
  81  10:20  Drone x2  
  82  10:22  Drone  
  82  10:23  Drone x2  
  82  10:28  Spore Crawler, Drone  
  85  10:38  Zergling x8  
  85  10:39  Zergling x2  
  90  10:47  Spore Crawler  
  90  10:48  Drone  
  90  10:50  Zerg Flyer Weapons Level 1  
  90  11:02  Overlord x3  
  90  11:19  Queen, Roach Warren, Evolution Chamber x2  
  90  11:20  Drone  
  90  11:21  Drone x3  
  90  11:22  Drone  
  94  11:29  Drone x2  
  94  11:30  Drone x3  
  99  11:33  Centrifugal Hooks  
  99  11:37  Drone  
  100  11:40  Drone  
  100  11:41  Drone x2  
  100  11:42  Drone  
  100  11:43  Drone  
  100  11:45  Drone  
  106  12:14  Glial Reconstitution, Zerg Missile Weapons Level 1  
  106  12:15  Zerg Ground Armor Level 1  
  106  12:28  Zergling x12  
  106  12:29  Zergling x12  
  114  12:31  Overlord x3  
  114  12:32  Hatchery, Overlord  
  113  12:40  Drone  
  114  12:53  Drone  
  114  12:54  Infestation Pit  
  114  12:56  Baneling x2  
  114  12:57  Baneling x12  
  114  12:58  Baneling x12  
  113  12:59  Baneling x7  
  113  13:03  Overlord  
  113  13:05  Overlord  
  108  13:25  Zergling x8  
  108  13:26  Zergling x22  
  108  13:27  Zergling x2  
  122  13:32  Hive  
  122  13:39  Drone x4  
  122  13:40  Drone  
  127  13:56  Roach x6  
  127  13:57  Roach x2  
  127  14:02  Overlord x3  
  143  14:03  Overseer  
  143  14:07  Spore Crawler  
  139  14:11  Drone x4  
  139  14:12  Drone  
  139  14:13  Overseer  
  139  14:16  Pneumatized Carapace  
  143  14:20  Overlord  
  143  14:24  Overseer  
  143  14:38  Spore Crawler  
  142  14:39  Spore Crawler  
  142  14:42  Drone x5  
  142  14:43  Spine Crawler x2, Drone x7  
  151  15:00  Roach  
  151  15:01  Roach x8  
  169  15:07  Adrenal Glands  
  169  15:17  Spine Crawler  
  169  15:19  Spine Crawler  
  169  15:21  Spine Crawler  
  166  15:34  Spore Crawler  
  166  15:35  Extractor, Greater Spire, Ultralisk Cavern  
  165  15:37  Extractor  
  165  15:39  Zerg Melee Weapons Level 1, Zerg Ground Armor Level 2  
  165  15:41  Overseer x3  
  162  15:49  Spine Crawler  
  161  15:50  Spine Crawler, Drone  
  161  15:53  Drone  
  161  15:54  Spore Crawler  
  161  16:00  Spine Crawler x2  
  161  16:03  Spine Crawler, Drone x3  
  161  16:04  Drone x3  
  163  16:05  Drone x2  
  163  16:06  Drone x2  
  164  16:27  Ultralisk x4  
  188  16:33  Chitinous Plating  
  188  16:50  Infestor  
  188  16:51  Infestor x4  
  198  16:54  Pathogen Glands  
  196  17:04  Spine Crawler  
  196  17:06  Spine Crawler  
  194  17:12  Hatchery  
  193  17:17  Spine Crawler  
  193  17:19  Spine Crawler  
  190  17:47  Hatchery, Extractor  
  190  17:48  Baneling x3  
  190  17:49  Baneling x12  
  190  17:50  Baneling, Extractor  
Tags
 
Composition
Mech
Matchup
TvZ
Spawn Locations
Cross Positions
Add a new tag
Caveats
  • Supply blocks, unpowered buildings, or Contaminate may cause inaccurate times.
  • Supply counts are checked every 10 seconds.